[Event "FIDE WY-U16 Olympiad 2022"]
[Site "Nakhchivan"]
[Date "2022.10.04"]
[Round "3.27"]
[White "Abdukhakimov, Akbarali"]
[Black "Zacarias Rodriguez, Santiago"]
[Result "1-0"]
[ECO "A56"]
[WhiteElo "1777"]
[BlackElo "2123"]
[Annotator "TA"]
[PlyCount "65"]
[EventDate "2022.10.02"]
[EventType "team-tourn"]
[EventCountry "AZE"]
[SourceTitle "playchess.com"]
[Source "ChessBase"]
[SourceQuality "1"]
[WhiteTeam "Uzbekistan"]
[BlackTeam "Mexico"]
[WhiteTeamCountry "UZB"]
[BlackTeamCountry "MEX"]
[TimeControl "40/5400+30:1800+30"]

1. d4 Nf6 2. c4 c5 3. d5 g6 4. Nc3 Bg7 5. e4 d6 6. Bd3 O-O 7. Nge2 e6 8. O-O exd5 9. exd5 Re8 10. h3 a6 (10... Nfd7) 11. a4 Nbd7 12. f4 Nh5 {[%emt 0:03:00] has lost popularity (12...Nf8). E70: King's Indian: Miscellaneous lines with 4 e4, including 5 Nge2 and 5 Bd3 0-0 6 Nge2.} 13. g4 Qh4 {[%emt 0:22:02] [#] aiming for ...Bd4+.} 14. Rf3 $146 ({Predecessor:} 14. gxh5 Qxh3 15. Ne4 Nf6 16. Nf2 Qh4 17. f5 Nxh5 18. Kg2 Rxe2 19. Qxe2 Qg3+ 20. Kh1 Qh4+ 21. Kg2 Qg3+ 22. Kh1 {½-½ (22) Lomineishvili,M (2366)-Azaladze,S (2498) Tbilisi 2014}) 14... Ndf6 {[%emt 0:10:06][%cal Oc8g4] Hoping for ...Bxg4! Black is slightly better.} (14... Bd4+ 15. Kg2 Bxc3 16. bxc3 $14) 15. gxh5 {[%emt 0:19:50] Qf1 is the strong threat.} Bxh3 16. hxg6 Nh5 (16... Ng4 $15 17. gxf7+ (17. gxh7+ $2 Kh8 $17) 17... Kxf7) 17. gxf7+ (17. gxh7+ Kh8 18. Rxh3 (18. Rf2 Bd4) 18... Qxh3 $17) (17. Ne4 $1 $11 hxg6 18. Nf2 (18. Nxd6 $2 Bd4+ 19. Be3 Bxe3+ 20. Rxe3 Rxe3 $19)) 17... Kxf7 $17 {[%emt 0:00:04] ( -> ...Bd4+)} 18. Ne4 $2 {[%emt 0:00:55][%mdl 8192] [#]} (18. Rf2 $2 Bd4 19. Bg6+ hxg6 20. Qxd4 cxd4 $19) (18. Rxh3 $17 Qxh3 19. Ne4 Rxe4 20. Bxe4) 18... Rxe4 $1 19. Rxh3 (19. Bxe4 Bd4+) 19... Bd4+ $2 (19... Qxh3 $17 20. Bxe4 Re8) 20. Kh2 $1 $18 Qf2+ 21. Kh1 Rxe2 22. Bxe2 {[%emt 0:00:25] The board is on fire.} Ng3+ 23. Rxg3 Qxg3 24. Bh5+ Kf6 25. Qg4 {[%emt 0:00:12] Against Qh3+} Qe1+ (25... Rg8 {might work better.} 26. Qxg3 Rxg3) 26. Kh2 Bg1+ {[%emt 0:01:13] [#]} (26... Qf2+ {keeps fighting.} 27. Kh3 Qf1+ 28. Qg2 Qxg2+ 29. Kxg2 Rg8+ 30. Kf3 Rg1) 27. Kh3 $1 {[%emt 0:00:27][%csl Gc1,Gf4][%cal Rg4g5] White is clearly winning.} ({But not} 27. Qxg1 $2 Qh4+ 28. Kg2 Rg8+ 29. Kf1 Rxg1+ 30. Kxg1 Qxh5 $19) 27... Qf1+ 28. Qg2 Qd3+ 29. Qf3 Qf5+ 30. Bg4 Qg6 31. f5 Qg7 32. Be3 Bxe3 33. Qxe3 {[%emt 0:00:04] Weighted Error Value: White=0.33/Black=1.15} 1-0

[Event "FIDE WY-U16 Olympiad 2022"]
[Site "Nakhchivan"]
[Date "2022.10.04"]
[Round "3.27"]
[White "Rzayev, Murad"]
[Black "Subramanian, Anusha"]
[Result "1/2-1/2"]
[ECO "E32"]
[WhiteElo "1699"]
[BlackElo "1840"]
[Annotator "NA RC COMBH"]
[PlyCount "89"]
[EventDate "2022.10.02"]
[EventType "team-tourn"]
[EventCountry "AZE"]
[SourceTitle "playchess.com"]
[Source "ChessBase"]
[SourceQuality "1"]
[WhiteTeam "Azerbaijan"]
[BlackTeam "England"]
[WhiteTeamCountry "AZE"]
[BlackTeamCountry "ENG"]
[TimeControl "40/5400+30:1800+30"]

1. d4 Nf6 2. c4 e6 3. Nc3 Bb4 4. Qc2 O-O 5. Bg5 d5 $11 6. e3 b6 7. cxd5 exd5 8. Bd3 h6 9. Bh4 c5 10. Nf3 Bb7 11. O-O Bxc3 12. bxc3 Nbd7 13. Ne5 Qc7 14. Nxd7 Nxd7 15. f4 Rac8 16. Qe2 Qd6 17. g4 c4 18. Bf5 b5 19. g5 g6 20. Bc2 hxg5 21. Bxg5 f5 22. h4 Kf7 23. h5 Rh8 24. hxg6+ Qxg6 25. Qg2 Nf6 26. Bd1 Ne4 27. Rc1 Rcg8 28. Bc2 Nxc3 29. Bxf5 Qxf5 30. Rxc3 b4 31. Rxc4 dxc4 32. Qxb7+ Kg6 33. Qc6+ Kg7 34. Qc7+ Qf7 35. Qe5+ Kh7 36. Kg2 Kg6 37. Qe4+ Qf5 38. Qc6+ Kg7 39. Qc7+ Qf7 40. Qe5+ Kf8 41. Qd6+ Kg7 42. Qe5+ Kf8 43. Qd6+ Kg7 44. Qe5+ Kf8 45. Qd6+ 1/2-1/2

[Event "FIDE WY-U16 Olympiad 2022"]
[Site "Nakhchivan"]
[Date "2022.10.04"]
[Round "3.28"]
[White "Hernandez Diaz, Paula Sofia"]
[Black "Bozorov, Javokhir"]
[Result "0-1"]
[ECO "A20"]
[WhiteElo "1759"]
[BlackElo "1844"]
[Annotator "NA RC COMBH"]
[PlyCount "71"]
[EventDate "2022.10.02"]
[EventType "team-tourn"]
[EventCountry "AZE"]
[SourceTitle "playchess.com"]
[Source "ChessBase"]
[SourceQuality "1"]
[WhiteTeam "Mexico"]
[BlackTeam "Uzbekistan"]
[WhiteTeamCountry "MEX"]
[BlackTeamCountry "UZB"]
[TimeControl "40/5400+30:1800+30"]

1. c4 e5 2. g3 d6 3. Bg2 g6 4. Nc3 Bg7 5. e4 Nc6 6. Nge2 Nge7 7. O-O O-O 8. d3 f5 9. Be3 Be6 10. Qd2 Rb8 (10... Nd4 $11 {was preferrable.}) 11. Rab1 (11. Nd5 $14 {is superior.}) 11... Nd4 $11 12. f4 c5 13. fxe5 dxe5 14. Nd5 b5 15. Nxd4 cxd4 16. Bg5 Bxd5 17. cxd5 Bf6 18. Bh6 Bg7 19. Bg5 Bf6 20. Bh6 Bg7 21. Bg5 Qd7 22. Rbc1 fxe4 23. Rxf8+ Bxf8 24. dxe4 Nc8 25. h4 Nd6 26. Bf6 Bg7 27. Bxg7 Kxg7 28. Kh2 Nc4 29. Qe2 Rf8 30. b3 Ne3 31. Rc6 Qf7 32. Kg1 h5 33. d6 Kg8 34. Bh3 Ng4 35. Bxg4 hxg4 36. Rc5 0-1

[Event "FIDE WY-U16 Olympiad 2022"]
[Site "Nakhchivan"]
[Date "2022.10.04"]
[Round "3.28"]
[White "Dasgupta, Avyukt"]
[Black "Gambarova, Havva"]
[Result "1-0"]
[ECO "A45"]
[WhiteElo "1687"]
[BlackElo "1347"]
[Annotator "NA RC COMBH"]
[PlyCount "123"]
[EventDate "2022.10.02"]
[EventType "team-tourn"]
[EventCountry "AZE"]
[SourceTitle "playchess.com"]
[Source "ChessBase"]
[SourceQuality "1"]
[WhiteTeam "England"]
[WhiteTeamCountry "ENG"]
[TimeControl "40/5400+30:1800+30"]

1. d4 Nf6 2. c3 d5 3. Bf4 e6 4. e3 Bd6 5. Nf3 b6 6. Nbd2 Bb7 7. Ne5 Nbd7 8. Bd3 O-O 9. Qf3 Rb8 10. h4 Bxe5 11. dxe5 Nc5 12. Qe2 Nxd3+ 13. Qxd3 Ne4 14. Nb3 c5 15. Qe2 c4 16. Nd4 Nc5 17. Rd1 Qd7 18. h5 h6 19. g4 Nd3+ 20. Rxd3 cxd3 21. Qxd3 Qa4 22. a3 Ba6 23. Qd2 Qc4 24. Rg1 Qd3 25. Qxd3 Bxd3 26. Kd2 Bh7 27. Nc6 Rb7 28. g5 hxg5 29. Bxg5 Re8 30. Bf6 Bg6 31. hxg6 gxf6 32. exf6 fxg6 33. Ne5 a5 34. Rxg6+ Kh7 35. Rg4 Rf8 36. Rf4 Rc7 37. Ke2 Kh6 38. f7 Kg5 39. Kd3 Re7 40. Kd4 Kh6 41. a4 Rc7 42. Rf6+ Kg7 43. Rg6+ Kh7 44. Rxe6 Rb7 45. Kxd5 b5 46. b3 bxa4 47. bxa4 Kg7 48. Rg6+ Kh7 49. Ra6 Re7 50. f4 Rxe5+ 51. Kxe5 Rxf7 52. Rxa5 Rc7 53. e4 Rxc3 54. f5 Kg7 55. Ra7+ Kf8 56. f6 Rc6 57. Kf5 Rc8 58. e5 Kg8 59. e6 Rc1 60. Ra8+ Kh7 61. e7 Rg1 62. Rh8+ 1-0

[Event "FIDE WY-U16 Olympiad 2022"]
[Site "Nakhchivan"]
[Date "2022.10.04"]
[Round "3.29"]
[White "Soojay, Jorah"]
[Black "Ismayilova, Khanim"]
[Result "1-0"]
[ECO "B33"]
[WhiteElo "1644"]
[BlackElo "1848"]
[Annotator "NA RC COMBH"]
[PlyCount "107"]
[EventDate "2022.10.02"]
[EventType "team-tourn"]
[EventCountry "AZE"]
[SourceTitle "playchess.com"]
[Source "ChessBase"]
[SourceQuality "1"]
[WhiteTeam "South Africa"]
[BlackTeam "Azerbaijan"]
[WhiteTeamCountry "RSA"]
[BlackTeamCountry "AZE"]
[TimeControl "40/5400+30:1800+30"]

1. e4 c5 2. Nf3 Nc6 3. d4 cxd4 4. Nxd4 Nf6 5. Nc3 e5 6. Ndb5 d6 7. Bg5 a6 8. Na3 b5 9. Bxf6 gxf6 10. Nd5 f5 11. c3 Be6 {[%emt 0:23:03] [#]} (11... Bg7 $14) 12. exf5 $1 Bxf5 $16 {[%emt 0:00:19] [#]} ({Black should play} 12... Bxd5 13. Qxd5 Ne7) 13. Qf3 $1 Bd7 14. Nf6+ Ke7 15. Bd3 Bg7 16. Nxd7 Qxd7 17. Be4 Rac8 18. Nc2 Rc7 19. Bxc6 Rxc6 20. Nb4 Rc4 21. Nd5+ Ke6 22. Nb6 Qc6 23. Nxc4 Qxf3 24. gxf3 bxc4 25. Kd2 d5 26. b3 Rc8 27. Rab1 Kf5 28. bxc4 Rxc4 29. Rb4 Rc7 30. Rg1 Bh6+ 31. Kd3 Bf8 32. Ra4 Rc6 33. Rg8 Bc5 34. Rg7 f6 35. Rxh7 Bxf2 36. Rh8 e4+ 37. fxe4+ dxe4+ 38. Ke2 e3 39. Ra5+ Kg4 40. Rg8+ Kf4 41. Rd8 f5 42. Rdd5 Rxc3 43. Rxf5+ Ke4 44. Rfc5 Rxc5 45. Rxc5 Kf4 46. Ra5 Kg4 47. Rxa6 Kh3 48. Rh6+ Kg4 49. a4 Kf5 50. a5 Kg5 51. Rh8 Kg6 52. a6 Kg7 53. Rh3 Kg6 54. a7 1-0

[Event "FIDE WY-U16 Olympiad 2022"]
[Site "Nakhchivan"]
[Date "2022.10.04"]
[Round "3.30"]
[White "Nuriyeva, Nurtan"]
[Black "Chang, Sebastian"]
[Result "1-0"]
[ECO "A57"]
[WhiteElo "1651"]
[BlackElo "1430"]
[Annotator "NA RC COMBH"]
[PlyCount "109"]
[EventDate "2022.10.02"]
[EventType "team-tourn"]
[EventCountry "AZE"]
[SourceTitle "playchess.com"]
[Source "ChessBase"]
[SourceQuality "1"]
[WhiteTeam "Azerbaijan"]
[BlackTeam "South Africa"]
[WhiteTeamCountry "AZE"]
[BlackTeamCountry "RSA"]
[TimeControl "40/5400+30:1800+30"]

1. d4 Nf6 2. c4 c5 3. d5 b5 4. e3 d6 5. cxb5 a6 6. Nc3 g6 7. Nf3 Bg7 8. h3 O-O 9. bxa6 Bxa6 10. Bxa6 Nxa6 11. O-O Qb6 12. Re1 Rfb8 13. e4 Nd7 14. Re2 c4 15. Be3 Nac5 16. Rc1 Qa6 17. Bd4 Nd3 18. Rb1 N7c5 19. Bxg7 Kxg7 20. g3 Na4 21. Nxa4 Qxa4 22. b3 Qa6 23. Qc2 cxb3 24. axb3 Nb4 25. Qc3+ Kg8 26. Ree1 Qb6 27. Qe3 Qxe3 28. Rxe3 Rc8 29. Nd4 Ra2 30. Re2 Rxe2 31. Nxe2 Rc2 32. Kf1 Kf8 33. h4 Ke8 34. Ra1 Rb2 35. Ra8+ Kd7 36. Ra7+ Kd8 37. Nd4 h5 38. Ra4 Nd3 39. f4 Nc5 40. Nc6+ Ke8 41. Ra8+ Kd7 42. Ra7+ Ke8 43. b4 Nd3 44. Rxe7+ Kf8 45. Rd7 Nxb4 46. Rd8+ Kg7 47. Rxd6 Nxc6 48. Rxc6 Rb4 49. e5 Rd4 50. d6 Kf8 51. Rc8+ Kg7 52. Rd8 f6 53. e6 Re4 54. e7 Kf7 55. Rf8+ 1-0

[Event "FIDE WY-U16 Olympiad 2022"]
[Site "Nakhchivan"]
[Date "2022.10.04"]
[Round "3.31"]
[White "Wang, Pei-Shan"]
[Black "Huseynli, Ayan"]
[Result "1-0"]
[ECO "C01"]
[WhiteElo "1315"]
[BlackElo "1492"]
[Annotator "NA RC COMBH"]
[PlyCount "57"]
[EventDate "2022.10.02"]
[EventType "team-tourn"]
[EventCountry "AZE"]
[SourceTitle "playchess.com"]
[Source "ChessBase"]
[SourceQuality "1"]
[WhiteTeam "South Africa"]
[BlackTeam "Azerbaijan"]
[WhiteTeamCountry "RSA"]
[BlackTeamCountry "AZE"]
[TimeControl "40/5400+30:1800+30"]

1. e4 e6 2. d4 d5 3. exd5 exd5 4. Nf3 Bd6 5. c4 dxc4 6. Bxc4 Nf6 7. Qe2+ Qe7 8. Qxe7+ Bxe7 9. Bf4 c6 10. O-O O-O 11. Nc3 Bg4 12. Ne5 Nbd7 13. Nxg4 Nxg4 14. d5 Nge5 15. Be2 cxd5 16. Nxd5 Bc5 17. Rac1 Ng6 18. Bg3 Rac8 19. Bd3 Nde5 20. Bf5 Rc6 21. Rfd1 f6 22. Kf1 Be7 23. Bxe5 fxe5 24. Bxg6 Kh8 25. Nxe7 Rcf6 26. f3 hxg6 27. Re1 Re6 28. Rxe5 Rxe5 29. Nxg6+ 1-0

[Event "FIDE WY-U16 Olympiad 2022"]
[Site "Nakhchivan"]
[Date "2022.10.04"]
[Round "3.32"]
[White "Huseynova, Dinara"]
[Black "Jacobs, Elsje"]
[Result "1-0"]
[ECO "B13"]
[WhiteElo "1225"]
[BlackElo "1168"]
[Annotator "NA RC COMBH"]
[PlyCount "125"]
[EventDate "2022.10.02"]
[EventType "team-tourn"]
[EventCountry "AZE"]
[SourceTitle "playchess.com"]
[Source "ChessBase"]
[SourceQuality "1"]
[BlackTeam "South Africa"]
[BlackTeamCountry "RSA"]
[TimeControl "40/5400+30:1800+30"]

1. e4 c6 2. d4 d5 3. exd5 cxd5 4. Bd3 Nc6 5. c3 Nf6 6. Bf4 g6 7. Nf3 Bg7 8. O-O Bg4 9. Nbd2 O-O 10. Re1 Re8 11. h3 Bh5 12. Qb3 Bxf3 13. Nxf3 Qd7 14. Ne5 Qc8 15. Bg5 e6 16. f4 Nd7 17. Nxd7 Qxd7 18. Rad1 a6 19. Qc2 b5 20. a3 Rac8 21. Qf2 Qa7 22. Kh1 Na5 23. g4 Nc4 24. Rf1 f5 25. Bxc4 dxc4 26. Rde1 Qb7+ 27. Qf3 Qd5 28. Re3 Kf7 29. Rfe1 Bf8 30. Kg1 Qxf3 31. Rxf3 a5 32. gxf5 exf5 33. Re5 Rxe5 34. dxe5 Be7 35. Bxe7 Kxe7 36. Kf2 Rd8 37. Ke2 Ke6 38. h4 Rb8 39. Kd2 b4 40. cxb4 axb4 41. axb4 Rxb4 42. Kc2 Kd5 43. Rf1 Ke4 44. e6 Rb8 45. e7 Re8 46. Kd2 h6 47. Rf2 Kd5 48. Re2 Kd6 49. Kc3 Rxe7 50. Rxe7 Kxe7 51. Kxc4 g5 52. fxg5 hxg5 53. hxg5 Ke6 54. b4 f4 55. b5 Kf5 56. b6 Kxg5 57. b7 Kg4 58. b8=Q Kg3 59. Kd3 Kf3 60. Kd2 Kg3 61. Ke2 Kg2 62. Qg8+ Kh2 63. Kf3 1-0

[Event "FIDE WY-U16 Olympiad 2022"]
[Site "Nakhchivan"]
[Date "2022.10.04"]
[Round "3.33"]
[White "Cheng, Justin Hong-Chen"]
[Black "Abdel Raouf, Zyad"]
[Result "0-1"]
[ECO "D11"]
[WhiteElo "1843"]
[BlackElo "1609"]
[Annotator "NA RC COMBH"]
[PlyCount "90"]
[EventDate "2022.10.02"]
[EventType "team-tourn"]
[EventCountry "AZE"]
[SourceTitle "playchess.com"]
[Source "ChessBase"]
[SourceQuality "1"]
[WhiteTeam "Hong Kong"]
[BlackTeam "Egypt"]
[WhiteTeamCountry "HKG"]
[BlackTeamCountry "EGY"]
[TimeControl "40/5400+30:1800+30"]

1. d4 d5 2. Nf3 c6 3. c4 Nf6 4. e3 e6 5. Bd3 Bd6 6. O-O Nbd7 7. Nc3 O-O 8. e4 dxc4 9. Bxc4 e5 10. Bg5 exd4 $11 11. Qxd4 Bc5 12. Qd3 Qe7 13. Kh1 Ne5 14. Nxe5 Qxe5 15. f4 Qd4 16. Qxd4 Bxd4 17. Rad1 Bxc3 18. bxc3 Nxe4 19. Rd4 Re8 20. Kg1 c5 21. Rdd1 Nxc3 22. Rc1 b5 23. Rxc3 bxc4 24. Rd1 f6 25. Bh4 Be6 26. Bf2 Rad8 27. Rdc1 Rd2 28. a3 Bd5 29. R3c2 Ree2 30. Rxd2 Rxd2 31. Kf1 Kf7 32. g3 a6 33. Bxc5 Rxh2 34. Re1 Kg6 35. Bg1 Ra2 36. Bc5 Kf5 37. Rd1 Be4 38. Bb4 Kg4 39. Rd7 Kf3 40. Rxg7 Ra1+ 41. Be1 Bd3+ 42. Kg1 Rxe1+ 43. Kh2 c3 44. Rd7 Be4 45. Rd3+ Bxd3 0-1

[Event "FIDE WY-U16 Olympiad 2022"]
[Site "Nakhchivan"]
[Date "2022.10.04"]
[Round "3.34"]
[White "Fahmi, Adham"]
[Black "Li, Yiheng"]
[Result "0-1"]
[ECO "A02"]
[WhiteElo "1288"]
[BlackElo "1766"]
[Annotator "NA RC COMBH"]
[PlyCount "88"]
[EventDate "2022.10.02"]
[EventType "team-tourn"]
[EventCountry "AZE"]
[SourceTitle "playchess.com"]
[Source "ChessBase"]
[SourceQuality "1"]
[WhiteTeam "Egypt"]
[BlackTeam "Hong Kong"]
[WhiteTeamCountry "EGY"]
[BlackTeamCountry "HKG"]
[TimeControl "40/5400+30:1800+30"]

1. f4 g6 2. Nf3 Bg7 3. e3 c5 4. d4 cxd4 5. exd4 h5 6. b3 Nh6 7. Bd3 d5 8. O-O O-O 9. Re1 Bg4 10. Nbd2 Bxd4+ 11. Nxd4 Bxd1 12. Rxd1 Qb6 13. N2f3 Nc6 14. c3 Nxd4 15. cxd4 e6 16. Ba3 Rfc8 17. Bc5 Rxc5 18. dxc5 Qxc5+ 19. Kf1 Ng4 20. Rd2 Ne3+ 21. Ke1 Nxg2+ 22. Kd1 Nxf4 23. Rc1 Qe3 24. Ne1 Nh3 25. Rcc2 Nf4 26. Rc3 e5 27. Rcc2 e4 28. Bf1 d4 29. Rc4 d3 30. Bg2 f5 31. Rc7 Nxg2 32. Rxg2 g5 33. h4 g4 34. b4 f4 35. Rc5 f3 36. Rg5+ Qxg5 37. hxg5 fxg2 38. Nxg2 Rf8 39. Ne3 g3 40. Ke1 h4 41. Ng4 g2 42. Nf6+ Rxf6 43. gxf6 e3 44. a4 g1=Q# 0-1

[Event "FIDE WY-U16 Olympiad 2022"]
[Site "Nakhchivan"]
[Date "2022.10.04"]
[Round "3.35"]
[White "Han, Xuqian Ben"]
[Black "Mohamed Mostafa, Omar"]
[Result "1-0"]
[ECO "B90"]
[WhiteElo "1610"]
[BlackElo "1503"]
[Annotator "NA RC COMBH"]
[PlyCount "65"]
[EventDate "2022.10.02"]
[EventType "team-tourn"]
[EventCountry "AZE"]
[SourceTitle "playchess.com"]
[Source "ChessBase"]
[SourceQuality "1"]
[WhiteTeam "Hong Kong"]
[BlackTeam "Egypt"]
[WhiteTeamCountry "HKG"]
[BlackTeamCountry "EGY"]
[TimeControl "40/5400+30:1800+30"]

1. e4 c5 2. Nf3 d6 3. d4 cxd4 4. Nxd4 Nf6 5. Nc3 a6 6. Be3 e5 7. Nb3 Be6 8. f3 Be7 9. Qd2 O-O 10. O-O-O a5 11. g4 a4 12. Na1 a3 13. b3 Na6 14. g5 Nh5 15. Nb5 Qc8 16. c4 Rd8 17. Nc2 Nc5 18. Qc3 f5 19. gxf6 Nxf6 20. Kb1 b6 21. h4 Qb7 22. Bh3 Bd7 23. Bxd7 Rxd7 24. Bxc5 bxc5 25. Ne3 Bf8 26. Nf5 g6 27. Rhg1 Kf7 28. Nfxd6+ Bxd6 29. Nxd6+ Rxd6 30. Rxd6 Nxe4 31. fxe4 Qxe4+ 32. Qd3 Qxh4 33. Qd5+ 1-0

[Event "FIDE WY-U16 Olympiad 2022"]
[Site "Nakhchivan"]
[Date "2022.10.05"]
[Round "4.1"]
[White "Samadov, Read"]
[Black "Kilic, Eray"]
[Result "1/2-1/2"]
[ECO "E73"]
[WhiteElo "2455"]
[BlackElo "2428"]
[Annotator "TA"]
[PlyCount "108"]
[EventDate "2022.10.02"]
[EventType "team-tourn"]
[EventCountry "AZE"]
[SourceTitle "playchess.com"]
[Source "ChessBase"]
[SourceQuality "1"]
[WhiteTeam "Azerbaijan"]
[BlackTeam "Turkey"]
[WhiteTeamCountry "AZE"]
[BlackTeamCountry "TUR"]
[TimeControl "40/5400+30:1800+30"]

1. d4 Nf6 2. c4 g6 3. Nc3 Bg7 4. e4 d6 5. Be2 O-O 6. Be3 Nc6 7. d5 Ne5 {[%emt 0:00:15] E73: King's Indian: Averbakh Variation without 6...c5.} 8. f4 Neg4 9. Bc1 (9. Bd2 $5 ) 9... Nh6 10. Nf3 {[%emt 0:10:03] [#]} c6 $146 ({Predecessor:} 10... e6 11. dxe6 Bxe6 12. O-O c6 13. Qe1 d5 14. cxd5 cxd5 15. e5 Ne4 16. Nd4 Nf5 17. Nxf5 Bxf5 {½-½ (60) Assaubayeva,B (2364)-Ongut,T (2305) Balatonlelle 2020}) 11. Qb3 cxd5 12. cxd5 Nd7 13. O-O Nc5 14. Qc2 Bd7 15. h3 Rc8 16. Be3 Na4 17. Nd4 {[%emt 0:02:44] Against b5} (17. Bxa7 $2 b6 18. Qb3 Bxc3 19. bxc3 Ra8 20. Bxb6 Qxb6+ 21. Qxb6 Nxb6 $19) 17... Qa5 18. Rac1 Qb4 19. Qb3 Qxb3 20. axb3 Nxc3 21. bxc3 (21. Rxc3 f5 $11) 21... a6 22. g4 $36 {[%emt 0:02:03][%cal Bg2g4,Bg4g5][%mdl 2080] Black is under pressure.} Kh8 (22... e5 $1 $14) 23. g5 $18 Ng8 24. h4 e5 25. dxe6 fxe6 26. Bg4 Rce8 27. Rcd1 {[%emt 0:07:13] White is more active.} h5 28. Bh3 e5 (28... d5 $16) 29. Bxd7 exd4 30. Bxd4 {[%emt 0:02:20] [#]} ({Less strong is} 30. Bxe8 dxe3 31. Bxg6 e2 $14) ({White must play} 30. Rxd4 $18 Re7 31. Bh3 (31. Rxd6 Rxe4 32. Kf2 Bxc3 $18)) 30... Rxe4 $14 31. Bxg7+ (31. Kg2 {keeps more tension.} Bxd4 32. Rxd4 Rxd4 33. cxd4 Rd8 34. Be6) 31... Kxg7 32. Rxd6 Rexf4 33. Rxf4 Rxf4 $18 {[%emt 0:00:02][%mdl 4096] Endgame KRB-KRN} 34. Rb6 Rxh4 35. Rxb7 Ne7 36. Be6 Kf8 37. Rb8+ Kg7 38. Rb7 Kf8 39. Ra7 Re4 40. Rxa6 {[%emt 0:00:55] Hoping for b4.} Re5 ({Black should play} 40... Re3 $11) 41. c4 $14 {[%emt 0:32:30] Strongly threatening b4.} Rxg5+ 42. Kh2 ({White should try} 42. Kf2 $14) 42... Rc5 $11 {[%emt 0:00:00] The position is equal.} 43. b4 Rc6 44. b5 Rxa6 45. bxa6 {[%emt 0:00:00] [#] White threatens a7 and mate. KB-KN} Nc6 46. Bd5 Na7 47. Kg3 Ke7 48. Kf4 Kd6 49. Kg5 Kc5 50. Kxg6 Kb6 51. Kxh5 Kxa6 52. c5 Kb5 53. c6 Nxc6 54. Bxc6+ Kxc6 {[%emt 0:00:00] Black escapes into a draw.  Weighted Error Value: White=0.11 (very precise) /Black=0.17 (very precise)} 1/2-1/2

[Event "FIDE WY-U16 Olympiad 2022"]
[Site "Nakhchivan"]
[Date "2022.10.05"]
[Round "4.1"]
[White "Anand, Batsukh"]
[Black "Chen, Max"]
[Result "1-0"]
[ECO "D94"]
[WhiteElo "2202"]
[BlackElo "2154"]
[Annotator "TA"]
[PlyCount "89"]
[EventDate "2022.10.02"]
[EventType "team-tourn"]
[EventCountry "AZE"]
[SourceTitle "playchess.com"]
[Source "ChessBase"]
[SourceQuality "1"]
[WhiteTeam "Mongolia"]
[BlackTeam "Canada"]
[WhiteTeamCountry "MGL"]
[BlackTeamCountry "CAN"]
[TimeControl "40/5400+30:1800+30"]

1. Nf3 Nf6 2. c4 g6 3. d4 Bg7 4. Nc3 d5 5. e3 O-O 6. cxd5 Nxd5 7. Bc4 Nxc3 8. bxc3 c5 9. O-O Qc7 {[%emt 0:01:45] 9...Qc7 scores better than 9...Nc6.} 10. Qe2 b6 11. Ba3 {[%emt 0:00:28] D94: Grünfeld: 4 Nf3 Bg7 5 e3.} Bb7 12. Rac1 Nd7 13. Rfd1 {[%emt 0:01:48] [#] The position is equal.} Rad8 $146 ({Predecessor:} 13... a6 14. e4 e6 15. Bd3 b5 16. Bb2 Rfd8 17. c4 b4 18. d5 e5 19. h4 a5 {0-1 (51) D'Costa,L (2445)-Berkes,F (2651) Gibraltar 2009}) 14. h4 h6 15. h5 g5 16. Nh2 Kh8 17. e4 Nf6 18. Bd3 e5 ({Not} 18... cxd4 19. cxd4 Qd7 20. d5 $16) (18... e6 $11) 19. d5 $16 Bc8 20. g4 Ne8 21. Nf1 Nd6 22. Ne3 Bd7 23. Rb1 b5 24. Bxb5 Nxe4 25. Qc2 Nd6 26. Bxd7 Rxd7 27. Nf5 Qa5 28. Rb3 {[%emt 0:04:08] White is more active.} Nxf5 29. Qxf5 Rd6 30. Qd3 $36 {[%emt 0:01:27][%mdl 2048] aiming for Qb5. Keeping Black busy.} Rf6 {[%emt 0:01:37] [#] White now steadily converts the win.} (30... Rb6 $16 {was called for.}) 31. Qb5 $1 $18 Qxb5 (31... Qd8) 32. Rxb5 Rf4 33. Bxc5 Rxg4+ 34. Kf1 Rd8 35. d6 Rd7 36. Rb8+ Kh7 37. Ra8 Ra4 38. a3 e4 $2 (38... Bf6 39. Ke2 Rc4 40. Rxa7 Rxa7 41. Bxa7 Bd8) 39. Bb4 {[%emt 0:00:10] [#] Threatens to win with c4. White is clearly winning.} Ra6 (39... Bf6 $142 40. Rc8 Rd8) 40. Re8 Rb6 41. Re7 Rbb7 42. Rxd7 Rxd7 43. c4 {[%emt 0:00:04][%cal Bc3c4,Bc4c5,Bc5c6][%mdl 32] And now c5 would win.} Bb2 44. c5 {[%emt 0:00:00] White wants to mate with c6.} a5 45. c6 {[%emt 0:00:00] Weighted Error Value: White=0.18 (very precise) /Black=0.42} 1-0